 Dungeon Crawl Stone Soup version 0.27.0-1-g7a089689b8 (webtiles) character file.

Game seed: 6014157407222371235

38 Descartes the Ducker (level 3, -2/15 HPs)
             Began as a Felid Transmuter on Aug 7, 2021.
             Slain by a worm (7 damage)
             ... on level 2 of the Dungeon.
             The game lasted 00:02:17 (1883 turns).

Descartes the Ducker (Felid Transmuter)             Turns: 1883, Time: 00:02:19

Health: -2/15      AC:  1    Str:  7    XL:     3   Next: 25%
Magic:  6/7        EV: 18    Int: 14    God:
Gold:   51         SH:  0    Dex: 16    Spells: 5/6 levels left
                                        Lives:  0   Deaths: 0

rFire    . . .     SeeInvis +     - Unarmed
rCold    . . .     Faith    .   (shield unavailable)
rNeg     . . .     Spirit   .   (armour unavailable)
rPois    .         Reflect  .   (helmet unavailable)
rElec    .         Harm     .   (cloak unavailable)
rCorr    .         Rampage  .   (gloves unavailable)
Will     .....                  (boots unavailable)
Stlth    ++........             (no amulet)
HPRegen  0.05/turn              (no ring)
MPRegen  0.10/turn              (no ring)

@: appendages (expiring), quick
A: horns 2, very small, claws 1, fangs 3, see invisible, speed 1, shaggy fur 1,
stealthy paws, no weapons or thrown items, no armour, multi-lived
a: End Transformation


You were on level 2 of the Dungeon.
You had temporarily grown beastly horns.
You visited 1 branch of the dungeon, and saw 2 of its levels.

You collected 51 gold pieces.

Inventory:

Scrolls
 a - a scroll of teleportation {unknown}
 b - a scroll of fog {unknown}
 e - a scroll of immolation {unknown}
 g - a scroll of noise {unknown}
Potions
 c - a potion of flight {unknown}
 d - a potion of cancellation {unknown}
 f - a potion of resistance {unknown}


   Skills:
 - Level 1.0 Fighting
 + Level 4.0 Dodging
 + Level 3.0 Stealth
 - Level 3.0 Unarmed Combat
 - Level 2.0 Spellcasting
 - Level 2.1 Transmutations


You had 5 spell levels left.
You knew the following spells:

 Your Spells              Type           Power      Damage    Failure   Level
a - Beastly Appendage     Tmut           14%        N/A       10%         1

Your spell library contained the following spells:

 Spells                   Type           Power      Damage    Failure   Level
 Wereblood                Tmut           7%         N/A       14%         2
 Static Discharge         Conj/Air       1%         N/A       34%         2
 Spider Form              Tmut/Pois      2%         N/A       41%         3
 Ice Form                 Ice/Tmut       4%         N/A       83%         4
 Dispel Undead            Necr           1%         3d6       93%         4
 Sticky Flame             Conj/Fire      1%         2d3       93%         4


Dungeon Overview and Level Annotations

Branches:
Dungeon (2/15)

Altars:


Innate Abilities, Weirdness & Mutations

You have temporarily grown beastly horns.
You have sharp claws.
You have razor-sharp teeth.
You have supernaturally acute eyesight. (SInv)
You cover ground quickly. (Speed+)
You are covered in fur. (AC +1)
Your paws help you pounce on unaware monsters.
You are incapable of wielding weapons or throwing items.
You cannot wear armour.
You gain extra lives every three experience levels.


Message History

The bat misses you. The bat closely misses you. The bat closely misses you.
The bat closely misses you.
There is a stone staircase leading up here.
You barely miss the bat. Your bite misses the bat.
The bat is severely wounded.
Your transformation is almost over.
The bat completely misses you.
You scratch the bat.
You kill the bat!
No target in view!
A ball python comes into view.
Casting: Beastly Appendage (safe; 10% risk of failure)
Confirm with . or Enter, or press ? or * to list all spells.
You miscast Beastly Appendage.
You are very lightly contaminated with residual magic.
Nothing appears to happen.
You pounce on the unaware helpless ball python!
You claw the ball python!
You kill the ball python!
Your Stealth skill increases to level 3!
No target in view!
Your horns disappear.
Your magical contamination has completely faded away.
A worm comes into view.
Casting: Beastly Appendage (safe; 10% risk of failure)
Confirm with . or Enter, or press ? or * to list all spells.
You grow a pair of large bovine horns.
You scratch the worm.
The worm is moderately wounded.
The worm bites you!
Ouch! That really hurt!
You are too injured to fight recklessly!
You are too injured to fight recklessly!
You scratch the worm.
The worm is moderately wounded.
Your transformation is almost over.
The worm bites you!
You die...

##### #...## #
######### #.....
###.###.....#.###...##
#...w@....#..<........
#.#.###.#.............
# #.###...........
#.....#.###.....
#######.# #...#. #.#
#...#. ##+#######. #.
##...## ##. #.###
##.....## #..


You could see a worm.

Vanquished Creatures
  A worm (D:2)
  An orc (D:2)
  2 ball pythons
  4 bats
  An endoplasm (D:1)
  2 giant cockroaches (D:1)
  5 goblins
  3 hobgoblins (D:1)
  3 jackals
  3 kobolds
  2 frilled lizards (D:1)
  3 rats
30 creatures vanquished.

Notes
Turn   | Place    | Note
-------+----------+-------------------------------------------
     0 | D:1      | Descartes the Felid Transmuter began the quest for the Orb.
     0 | D:1      | Reached XP level 1. HP: 9/9 MP: 4/4
    52 | D:1      | Reached skill level 3 in Dodging
    52 | D:1      | Reached skill level 1 in Stealth
   171 | D:1      | Reached XP level 2. HP: 12/12 MP: 4/6
   767 | D:1      | Found a faded altar of an unknown god.
  1312 | D:2      | Reached XP level 3. HP: 5/15 MP: 7/7
  1753 | D:2      | Reached skill level 4 in Dodging
  1883 | D:2      | Slain by a worm

Illustrated notes

Levels and vault maps discovered:
D:1:      lemuel_arrival_behind_the_door_large, layout_basic,
          dreamdust_ecumenical_altar_hidden_monk_grotto
D:2:      layout_loops_corners, skrybe_limestone_x,
          hangedman_abyss_or_decor_lesser_grid, minmay_small_reverse_x

Skill      XL: |  1  2  3 |
---------------+----------+-----
Dodging        | 3 4 |  4.0
Stealth        | 1 2 3 |  3.0
Fighting       | |  1.0
Unarmed Combat | |  3.0
Spellcasting   | |  2.0
Transmutations | |  2.1

Action                   || total
-------------------------++-------
Melee: Unarmed           ||    90
       Headbutt          ||    11
       Bite              ||     4
       Punch             ||     1
 Cast: Beastly Appendage ||    25
 Stab: Sleeping          ||     5
Armor: Skin              ||     2
Dodge: Dodged            ||    73
